 Dungeon Crawl Stone Soup version 0.23.2-1-ga50397a (webtiles) character file.

Game seed: 4755536302928380354

105 Kairos the Covered (level 5, 0/42 HPs)
             Began as a Formicid Fighter on June 2, 2019.
             Slain by an orc
             ... wielding a +0 morningstar
              (6 damage)
             ... on level 2 of the Dungeon.
             The game lasted 00:02:27 (1549 turns).

Kairos the Covered (Formicid Fighter)               Turns: 1549, Time: 00:02:28

Health: 0/42       AC:  8    Str: 22    XL:     5   Next: 8%
Magic:  5/5        EV:  8    Int:  7    God:
Gold:   41         SH:  9    Dex: 10    Spells: 4/4 levels left

rFire    . . .     SeeInvis +   a - +0 quarterstaff
rCold    . . .     Gourm    .   c - +0 shield
rNeg     . . .     Faith    .   b - +0 scale mail
rPois    .         Spirit   .   (helmet unavailable)
rElec    .         Reflect  .   (no cloak)
rCorr    .         Harm     .   m - +0 pair of gloves
MR       .....                  (no boots)
Stlth    ..........             (no amulet)
HPRegen  0.14/turn              (no ring)
MPRegen  0.09/turn              (no ring)

@: no status effects
A: permanent stasis, dig shafts and tunnels, four strong arms, antennae 3
a: Dig, Shaft Self


You were on level 2 of the Dungeon.
You were very hungry.

You visited 1 branch of the dungeon, and saw 3 of its levels.

You collected 41 gold pieces.

Inventory:

Hand Weapons
 a - a +0 quarterstaff (weapon)
 o - a +0 broad axe
Armour
 b - a +0 scale mail (worn)
 c - a +0 shield (worn)
 m - a +0 pair of gloves (worn)
Scrolls
 e - a scroll of magic mapping {unknown}
 h - 2 scrolls of teleportation {unknown}
 i - a scroll of noise {unknown}
 j - a scroll of fear {unknown}
 n - a scroll of fog {unknown}
 p - 2 scrolls of identify {unknown}
 r - 2 scrolls of remove curse {unknown}
 t - a scroll of random uselessness {unknown}
Potions
 d - a potion of might
 g - 4 potions of curing {unknown}
 k - a potion of brilliance {unknown}
 l - 2 potions of agility {unknown}
 q - a potion of berserk rage {unknown}
 s - a potion of lignification {unknown}
Comestibles
 f - 4 rations
 u - 5 chunks of flesh


   Skills:
 + Level 3.8 Fighting
 + Level 3.0 Staves
 + Level 4.3 Armour
 + Level 0.4 Dodging
 + Level 4.2 Shields


You had 4 spell levels left.
You didn't know any spells.
Your spell library was empty.

Dungeon Overview and Level Annotations

Branches:
Dungeon (3/15)

Altars:
Nemelex Xobeh


Innate Abilities, Weirdness & Mutations

You cannot be hasted, slowed, berserked, paralysed or teleported.
You can dig through walls and to a lower floor.
Your four strong arms can wield two-handed weapons with a shield.
You have a pair of large antennae on your head. (SInv)


Message History

The orc shouts!
The orc priest miscasts a cantrip.
The orc hits you with a +0 morningstar!
You closely miss the orc.
The orc is lightly wounded.
You block the orc's attack.
The orc priest invokes the aid of Beogh against you.
Beogh smites you!
There is a stone staircase leading down here.
The orc priest mumbles some strange prayers to Beogh against you.
Beogh smites you!
* * * LOW HITPOINT WARNING * * *
There is a stone staircase leading up here.
The orc hits you but does no damage.
You climb upwards.
There is a stone staircase leading down here.
You hit the orc.
The orc is heavily wounded.
The orc hits you with a +0 morningstar.
You die...

##### ##...######
######.....#...#
#..............#####
#.####.....#.......#
#.#####...########.#
#.##.....## #.#
#.##.##o## #.####
#.....@.# #.....
####.#############..###
#.# #.......#..... #.#
#............. #.#
#......[...... #.#
#....>.....).. ###.###
#.........###. #.....#
#......[..###. #.#.#.#
#..>..........


You could see an orc (invisible).

Vanquished Creatures
  An orc priest (D:3)
  3 adders (D:2)
  2 oozes
  A ball python (D:1)
  2 giant cockroaches
  4 goblins
  2 hobgoblins
  4 jackals (D:2)
  A quokka (D:3)
  9 bats
  4 frilled lizards (D:1)
  8 kobolds
  6 rats
47 creatures vanquished.

Notes
Turn   | Place    | Note
-------+----------+-------------------------------------------
     0 | D:1      | Kairos the Formicid Fighter began the quest for the Orb.
     0 | D:1      | Reached XP level 1. HP: 18/18 MP: 1/1
   169 | D:1      | Reached XP level 2. HP: 15/24 MP: 2/2
   486 | D:1      | Found a sparkling altar of Nemelex Xobeh.
   600 | D:1      | Reached XP level 3. HP: 26/29 MP: 3/3
   882 | D:2      | Reached XP level 4. HP: 30/35 MP: 4/4
  1521 | D:3      | Reached XP level 5. HP: 41/42 MP: 5/5
  1549 | D:2      | Slain by an orc

Skill      XL: |  1  2  3  4 |
---------------+-------------+-----
Shields        | 4 |  4.2
Staves         | 3 |  3.0
Armour         | 4 |  4.3
Fighting       | |  3.8
Dodging        | |  0.4

Action                   |  1- 3 |  4- 6 || total
-------------------------+-------+-------++-------
Melee: Quarterstaff      |   135 |    48 ||   183
  Eat: Chunk             |       |     1 ||     1
Armor: Scale mail        |    78 |    31 ||   109
Dodge: Dodged            |    45 |    17 ||    62
Block: Shield            |    78 |    22 ||   100
